 Dungeon Crawl Stone Soup version 0.28-a0-983-g1de4e0787c (webtiles) character file.

Game seed: 8942443923798970927

78 Decritt the Grasshopper (level 4, -7/38 HPs)
             Began as a Gnoll Warper on Dec 3, 2021.
             Mangled by a wyvern skeleton (9 damage)
             ... on level 3 of the Dungeon.
             The game lasted 00:04:00 (2360 turns).

Decritt the Grasshopper (Gnoll Warper)              Turns: 2360, Time: 00:04:01

Health: -7/38      AC:  6    Str: 10    XL:     4   Next: 36%
Magic:  11/11      EV: 14    Int: 14    God:
Gold:   67         SH:  0    Dex: 18    Spells: 13/13 levels left

rFire   . . .      SeeInvis .   i - staff of death
rCold   . . .      Faith    .   (no shield)
rNeg    + . .      Spirit   .   b - +0 leather armour
rPois   .          Reflect  .   (no helmet)
rElec   .          Harm     .   m - +0 cloak
rCorr   .          Rampage  .   j - +1 pair of gloves
Will    .....                   (no boots)
Stlth   ++........              (no amulet)
HPRegen 0.12/turn               n - +6 ring of dexterity
MPRegen 0.12/turn               (no ring)

@: no status effects
A: fangs 1, strong nose, distributed training
a: no special abilities


You were on level 3 of the Dungeon.
You visited 1 branch of the dungeon, and saw 3 of its levels.

You collected 67 gold pieces.

Inventory:

Hand Weapons
 a - a +0 hand axe
Missiles
 e - 2 boomerangs (quivered)
Armour
 b - a +0 leather armour (worn)
 j - a +1 pair of gloves (worn)
 m - a +0 cloak (worn)
Magical Staves
 i - a staff of death (weapon)
Jewellery
 n - a +6 ring of dexterity (left hand)
Wands
 l - a wand of paralysis (10)
Scrolls
 c - a scroll of blinking
 d - a scroll of torment {unknown}
 h - 2 scrolls of identify {unknown}
Potions
 f - a potion of magic {unknown}
 g - a potion of haste {unknown}
 k - 2 potions of curing {unknown}


   Skills:
 + Level 4.6 Fighting
 + Level 1.1 Short Blades
 + Level 1.1 Long Blades
 + Level 4.6 Axes
 + Level 1.1 Maces & Flails
 + Level 1.1 Polearms
 + Level 1.1 Staves
 + Level 1.1 Slings
 + Level 1.1 Bows
 + Level 1.1 Crossbows
 + Level 2.7 Throwing
 + Level 2.7 Armour
 + Level 4.6 Dodging
 + Level 1.1 Stealth
 + Level 1.1 Shields
 + Level 1.1 Unarmed Combat
 + Level 5.0 Spellcasting
 + Level 0.8 Conjurations
 + Level 0.8 Hexes
 + Level 0.8 Summonings
 + Level 0.8 Necromancy
 + Level 5.4 Translocations
 + Level 0.8 Transmutations
 + Level 0.8 Fire Magic
 + Level 0.8 Ice Magic
 + Level 0.8 Air Magic
 + Level 0.8 Earth Magic
 + Level 0.8 Poison Magic
 + Level 1.2 Invocations
 + Level 1.1 Evocations


You had 13 spell levels left.
You didn't know any spells.
Your spell library contained the following spells:

 Spells                   Type           Power      Damage    Failure   Level
 Blink                    Tloc           36%        N/A       3%          2
 Gell's Gravitas          Tloc           18%        N/A       7%          3
 Lesser Beckoning         Tloc           18%        N/A       7%          3
 Teleport Other           Tloc           18%        N/A       7%          3
 Sublimation of Blood     Necr           9%         N/A       24%         2
 Wereblood                Tmut           6%         N/A       24%         2
 Manifold Assault         Tloc           18%        N/A       54%         5
 Summon Hydra             Summ           3%         N/A       100%        7


Dungeon Overview and Level Annotations

Branches:
Dungeon (3/15)

Altars:


Innate Abilities, Weirdness & Mutations

You have very sharp teeth.
Your uncanny sense of smell can sniff out nearby items.
Your experience applies equally to all skills.


Message History

Found a leather armour.
A hobgoblin comes into view.
You throw a boomerang. The boomerang hits the hobgoblin.
You kill the hobgoblin!
No target in view!
No target in view!
You now have 59 gold pieces (gained 10).
n - a +6 ring of dexterity You feel agile.
n - a +6 ring of dexterity (left hand)
You now have 67 gold pieces (gained 8).
A wyvern skeleton comes into view.
You throw a boomerang. The boomerang hits the wyvern skeleton!
The wyvern skeleton is lightly damaged.
The wyvern skeleton completely misses you.
You hit the wyvern skeleton.
The wyvern skeleton is moderately damaged.
The wyvern skeleton bites you.
You hit the wyvern skeleton but do no damage.
The wyvern skeleton is moderately damaged.
The wyvern skeleton bites you! The wyvern skeleton bites you.
* * * LOW HITPOINT WARNING * * *
You hit the wyvern skeleton. You bite the wyvern skeleton.
The wyvern skeleton is moderately damaged.
The wyvern skeleton bites you but does no damage.
Unknown command.
You hit the wyvern skeleton but do no damage.
The wyvern skeleton is moderately damaged.
The wyvern skeleton closely misses you.
The wyvern skeleton bites you but does no damage.
You hit the wyvern skeleton.
The wyvern skeleton is moderately damaged.
The wyvern skeleton bites you!
* * * LOW HITPOINT WARNING * * *
The wyvern skeleton bites you!
* * * LOW HITPOINT WARNING * * *
You hit the wyvern skeleton.
The wyvern skeleton is heavily damaged.
The wyvern skeleton bites you!
You die...

#.# #.##..#
#.#####.###.#
###...........#
.##.#####.##..# .##.#
##[##..##########
....####...#..##........
.##...........##.#
.#######...#..##Z# .#
##.#...##@# .#
#......#.#
.########........#####.#
.......................#
#########........#######
...............#.#
.########.#....#.#### ##
#.###..#.....
#.............


You could see a wyvern skeleton.

Vanquished Creatures
  3 adders (D:2)
  A worm (D:2)
  3 dart slugs
  4 endoplasms
  2 giant cockroaches (D:2)
  4 goblins
  6 hobgoblins
  5 kobolds
  2 quokkas (D:2)
  3 ball pythons
  3 bats
  2 frilled lizards (D:1)
  3 rats
41 creatures vanquished.

Notes
Turn   | Place    | Note
-------+----------+-------------------------------------------
     0 | D:1      | Decritt the Gnoll Warper began the quest for the Orb.
     0 | D:1      | Reached XP level 1. HP: 20/20 MP: 6/6
   339 | D:1      | Reached XP level 2. HP: 26/26 MP: 7/7
  1386 | D:2      | Reached XP level 3. HP: 31/31 MP: 9/9
  1394 | D:2      | Reached skill level 5 in Spellcasting
  1554 | D:2      | Reached skill level 1 in Invocations
  1773 | D:2      | Reached skill level 1 in Short Blades
  1773 | D:2      | Reached skill level 1 in Long Blades
  1773 | D:2      | Reached skill level 1 in Maces & Flails
  1773 | D:2      | Reached skill level 1 in Polearms
  1773 | D:2      | Reached skill level 1 in Staves
  1773 | D:2      | Reached skill level 1 in Slings
  1773 | D:2      | Reached skill level 1 in Bows
  1773 | D:2      | Reached skill level 1 in Crossbows
  1773 | D:2      | Reached skill level 1 in Stealth
  1773 | D:2      | Reached skill level 1 in Shields
  1773 | D:2      | Reached skill level 1 in Unarmed Combat
  1773 | D:2      | Reached skill level 1 in Evocations
  2094 | D:2      | Reached XP level 4. HP: 38/38 MP: 11/11
  2360 | D:3      | Mangled by a wyvern skeleton

Illustrated notes

Levels and vault maps discovered:
D:1:      dpeg_arrival_lava_temple_mockup, layout_basic, minivault_5
D:2:      layout_rooms, kennysheep_generic_room_13
D:3:      layout_loops_ring, nicolae_ashenzari_panopticon,
          mrwooster_statue_mirror

Skill      XL: |  1  2  3 |
---------------+----------+-----
Spellcasting   | 5 |  5.0
Invocations    | 1 |  1.2
Short Blades   | 1 |  1.1
Long Blades    | 1 |  1.1
Maces & Flails | 1 |  1.1
Polearms       | 1 |  1.1
Staves         | 1 |  1.1
Slings         | 1 |  1.1
Bows           | 1 |  1.1
Crossbows      | 1 |  1.1
Stealth        | 1 |  1.1
Shields        | 1 |  1.1
Unarmed Combat | 1 |  1.1
Evocations     | 1 |  1.1
Fighting       | |  4.6
Axes           | |  4.6
Throwing       | |  2.7
Armour         | |  2.7
Dodging        | |  4.6
Conjurations   | |  0.8
Hexes          | |  0.8
Summonings     | |  0.8
Necromancy     | |  0.8
Translocations | |  5.4
Transmutations | |  0.8
Fire Magic     | |  0.8
Ice Magic      | |  0.8
Air Magic      | |  0.8
Earth Magic    | |  0.8
Poison Magic   | |  0.8

Action                   |  1- 3 |  4- 6 || total
-------------------------+-------+-------++-------
Melee: Hand axe          |    38 |       ||    38
       Bite              |     5 |     1 ||     6
       Staff             |    56 |    10 ||    66
Throw: Boomerang         |    57 |     5 ||    62
Armor: Leather armour    |    33 |     5 ||    38
Dodge: Dodged            |    65 |     2 ||    67

Table legend: (Time is in decaauts)
 A = Elapsed time spent in this place.
 B = Non-inter-level travel time spent in this place.
 C = Inter-level travel time spent in this place.
 D = Time resting spent in this place.
 E = Time spent auto-exploring this place.
 F = Levels seen in this place.
 G = Mean time per level.
                   A        B        C        D        E       F      G
               +--------+--------+--------+--------+--------+-----+--------+
         Total |   2382 |   2365 |     17 |    272 |   1750 |   3 |  794.0 |
       Dungeon |   2382 |   2365 |     17 |    272 |   1750 |   3 |  794.0 |
               +--------+--------+--------+--------+--------+-----+--------+

Top non-repeatable levels by time:
     D:1: 1376 daAuts
     D:2: 801 daAuts
     D:3: 205 daAuts
